 Dungeon Crawl Stone Soup version 0.29.0-5-ge4962eb29e (webtiles) character file.

Game seed: 9737618480633317686

378 Godmorgon the Chopper (level 6, -1/52 HPs)
             Began as a Palentonga Fighter on Aug 28, 2022.
             Slain by a gnoll
             ... wielding a +0 flail
             ... led by a gnoll sergeant
              (8 damage)
             ... on level 4 of the Dungeon on Aug 29, 2022.
             The game lasted 00:14:33 (3154 turns).

Godmorgon the Chopper (Palentonga Fighter)          Turns: 3154, Time: 00:14:34

Health: -1/52      AC:  7    Str: 24    XL:     6   Next: 45%
Magic:  6/6        EV:  7    Int:  8    God:
Gold:   26         SH:  4    Dex:  9    Spells: 5/5 levels left

rFire   . . .      SeeInvis +   a - +0 war axe
rCold   . . .      Faith    .   c - +0 buckler
rNeg    . . .      Spirit   .   b - +0 scale mail
rPois   .          Reflect  .   g - +0 helmet
rElec   .          Harm     .   (no cloak)
rCorr   .          Rampage  .   (no gloves)
Will    .....                   (no barding)
Stlth   ..........              (no amulet)
HPRegen 0.17/turn               (no ring)
MPRegen 0.10/turn               (no ring)

@: no status effects
A: large, rugged brown scales 3, see invisible, deformed body, roll 1, armoured
tail
a: Rolling Charge


You were on level 4 of the Dungeon.
You visited 1 branch of the dungeon, and saw 5 of its levels.

You collected 160 gold pieces.
You spent 134 gold pieces at shops.

Inventory:

Hand Weapons
 a - a +0 war axe (weapon)
Missiles
 h - 3 boomerangs
 p - 2 poisoned darts
Armour
 b - a +0 scale mail (worn)
 c - a +0 buckler (worn)
 g - a +0 helmet (worn)
Wands
 t - a wand of polymorph (7)
Scrolls
 j - a scroll of poison
 k - a scroll of summoning
 n - a scroll of immolation
 s - a scroll of noise {unknown}
 u - 2 scrolls of torment
 w - a scroll of magic mapping {unknown}
Potions
 e - a potion of flight
 i - a potion of mutation {unknown}
 l - a potion of berserk rage {unknown}
 o - a potion of degeneration {unknown}
 q - 2 potions of haste {unknown}
 r - a potion of brilliance {unknown}


   Skills:
 + Level 4.5 Fighting
 * Level 5.3 Axes
 + Level 1.7 Throwing
 - Level 2.4 Armour
 - Level 2.6 Shields


You had 5 spell levels left.
You didn't know any spells.
Your spell library was empty.

Dungeon Overview and Level Annotations

Branches:
Dungeon (5/15)
 Temple: D:4-7

Altars:
Hepliaklqana
Vehumet

Shops:
D:2 *   D:4 ?   D:5 !

Annotations:
D:5 Edmund


Innate Abilities, Weirdness & Mutations

You are completely covered in rugged brown scales. (AC +3, +7% HP)
You have supernaturally acute eyesight. (SInv)
Armour fits poorly on your strangely shaped body.
You can roll at nearby foes to attack.
You have a long armoured tail.


Message History

The gnoll hits you with a +0 flail!
You closely miss the gnoll.
Your tail-slap misses the gnoll.
The gnoll is lightly wounded.
You hit the gnoll. You block the gnoll's attack.
The gnoll hits you with a +0 flail.
You hit the gnoll but do no damage.
The gnoll is lightly wounded.
You hit the gnoll. The gnoll hits you with a +0 whip.
The gnoll hits you with a +0 flail. The gnoll barely misses you.
You block the gnoll's attack.
You slash the gnoll!
The gnoll is almost dead.
You hit the gnoll but do no damage. The gnoll hits you with a +0 flail.
The gnoll hits you with a +0 whip.
You hit the gnoll.
You kill the gnoll!
You closely miss the gnoll. The gnoll hits you with a +0 flail.
You hit the gnoll.
The gnoll is severely wounded.
The gnoll hits you with a +0 flail!
* * * LOW HITPOINT WARNING * * *
The gnoll hits you but does no damage.
You barely miss the gnoll.
The gnoll is severely wounded.
The gnoll hits you with a +0 flail.
* * * LOW HITPOINT WARNING * * *
Press: ? - help, v - describe, . - travel
Here: a gnoll, wielding a +0 flail (severely wounded)
The floor.
Unknown command.
You closely miss the gnoll. You tail-slap the gnoll.
The gnoll is almost dead.
The gnoll barely misses you.
You barely miss the gnoll.
Your tail-slap misses the gnoll.
The gnoll is almost dead.
You block the gnoll's attack.
You barely miss the gnoll.
The gnoll is almost dead.
The gnoll hits you with a +0 flail!
You die...

.###.............#
..........#...#.####
###........#.......#
##..##.......#...#
####..###...ยง#..#.###
.....####..###..##..#
..........## ####...# ..........#
##)#.#### #### ....####..#
#..@#...# #### #... ....## #..#
##...g...####..# ##.. .....###..#
#......#..##...# #.#
#.<.......###....####.#....####.#
##.####....#.....# #..#....##...
#.# ####.......####............
##.# ##.......##.........#...
#..# #...)....#..........##..
...# ##..)...........###..##..


You could see a gnoll.

Vanquished Creatures
  Blork the orc (D:4)
  A scorpion (D:4)
  2 hounds (D:4)
  An iguana (D:4)
  3 orc wizards
  2 gnolls
  An adder (D:4)
  A worm (D:2)
  3 orcs
  7 endoplasms
  4 giant cockroaches
  7 goblins
  10 hobgoblins
  3 quokkas
  6 ball pythons
  4 bats
  A frilled lizard (D:3)
  7 kobolds
  2 rats (D:2)
66 creatures vanquished.

Notes
Turn   | Place    | Note
-------+----------+-------------------------------------------
     0 | D:1      | Godmorgon the Palentonga Fighter began the quest for the
                  | Orb.
     0 | D:1      | Reached XP level 1. HP: 19/19 MP: 1/1
    32 | D:1      | Found a faded altar of an unknown god.
    37 | D:1      | Reached XP level 2. HP: 12/25 MP: 2/2
   320 | D:1      | You fall into a shaft and drop 1 floor!
   343 | D:2      | Found Onas's General Store.
   354 | D:2      | Bought a scroll of identify for 22 gold pieces
   354 | D:2      | Bought a scroll of identify for 22 gold pieces
   451 | D:2      | Reached skill level 3 in Axes
   539 | D:1      | Reached XP level 3. HP: 17/31 MP: 3/3
   712 | D:2      | Identified the +0 pair of boots of Articulation {Harm
                  | Rampage rN+}
  1327 | D:4      | Found a radiant altar of Vehumet.
  1442 | D:4      | Noticed a scorpion
  1448 | D:4      | Killed a scorpion
  1449 | D:4      | Reached skill level 4 in Axes
  1449 | D:4      | Reached XP level 4. HP: 37/39 MP: 4/4
  1490 | D:4      | Reached skill level 1 in Throwing
  1490 | D:4      | Reached XP level 5. HP: 42/44 MP: 5/5
  1773 | D:4      | Found Ziacoar's Magic Scroll Shoppe.
  1782 | D:4      | Bought a scroll of blinking for 90 gold pieces
  2036 | D:4      | Noticed Blork the orc
  2045 | D:4      | Killed Blork the orc
  2046 | D:4      | Reached skill level 5 in Axes
  2046 | D:4      | Reached XP level 6. HP: 30/52 MP: 6/6
  2529 | D:5      | Entered Level 5 of the Dungeon
  2554 | D:5      | Found a faded altar of an unknown god.
  2554 | D:5      | Found a hazy altar of Hepliaklqana.
  2782 | D:5      | Noticed Edmund
  2982 | D:5      | Noticed a water moccasin
  2990 | D:4      | HP: 2/52 [water moccasin (5)]
  3138 | D:5      | Found Zamooh's Distillery.
  3154 | D:4      | Slain by a gnoll

Illustrated notes

Levels and vault maps discovered:
D:1:      elethiomel_arrival_shortcut, layout_rooms,
          hellmonk_ecumenical_altar_blasted, chequers_arboretum
D:2:      layout_basic, serial_shops,
          nicolae_shop_temple_entry_statues_fountains, minivault_24,
          nrook_campfire, kennysheep_cluttered_room
D:3:      layout_basic, mainiacjoe_overflow_small_starburst, st_stairs_5
D:4:      layout_layer_cave, kennysheep_little_box, serial_shops,
          nicolae_diamond_shop, uniq_blork_the_orc
D:5:      layout_cave_pools, beargit_hepliaklqana_dungeon_heroes, serial_shops,
          nicolae_stop_n_shop_1, uniq_duvessa, uniq_edmund

Skill      XL: |  1  2  3  4  5 |
---------------+----------------+-----
Axes           | 3 4 5 |  5.3
Fighting       | 4 |  4.5
Throwing       | 1 |  1.7
Armour         | |  2.4
Shields        | |  2.6

Action                   |  1- 3 |  4- 6 || total
-------------------------+-------+-------++-------
Melee: War axe           |   101 |    86 ||   187
       Tailslap          |    10 |     9 ||    19
Throw: Dart              |     4 |     7 ||    11
 Abil: Rolling Charge    |    36 |    12 ||    48
  Use: Scroll            |     5 |     2 ||     7
       Potion            |       |     7 ||     7
Armor: Scale mail        |    44 |    61 ||   105
Dodge: Dodged            |    29 |    36 ||    65
Block: Buckler           |    19 |    13 ||    32
